 Dungeon Crawl Stone Soup version 0.29.1-12-g30fa7ad0bf (webtiles) character file.

Game seed: 7748831985265432930

1942 safid the Skirmisher (level 8, 0/74 HPs)
             Began as a Minotaur Hunter on Dec 13, 2022.
             Slain by a komodo dragon (20 damage)
             ... on level 7 of the Dungeon.
             The game lasted 00:11:45 (5452 turns).

safid the Skirmisher (Minotaur Hunter)              Turns: 5452, Time: 00:11:46

Health: 0/74       AC: 13    Str: 16    XL:     8   Next: 98%
Magic:  7/7        EV: 11    Int:  6    God:
Gold:   398        SH:  5    Dex: 22    Spells: 7/7 levels left

rFire   . . .      SeeInvis +   a - +0 shortbow
rCold   . . .      Faith    .   (shield currently unavailable)
rNeg    . . .      Spirit   .   j - +1 ring mail {rPois}
rPois   +          Reflect  +   (helmet restricted)
rElec   .          Harm     .   f - +4 cloak "Xicu" {Drain Dex+6}
rCorr   .          Rampage  .   d - +0 pair of gloves
Will    .....                   r - +0 pair of boots
Stlth   +.........              h - amulet of reflection
HPRegen 0.22/turn               x - ring of see invisible
MPRegen 0.10/turn               (no ring)

@: no status effects
A: horns 2, retaliatory headbutt
a: no special abilities


You were on level 7 of the Dungeon.
You visited 2 branches of the dungeon, and saw 8 of its levels.

You collected 398 gold pieces.

Inventory:

Hand Weapons
 a - a +0 shortbow (weapon)
Missiles
 q - 2 javelins
 s - a throwing net
Armour
 d - a +0 pair of gloves (worn)
 f - the +4 cloak "Xicu" (worn) {Drain Dex+6}
   (You acquired it on level 5 of the Dungeon)

   Dex:       It affects your dexterity (+6).
   Drain:     It drains your maximum health when unequipped.
 j - a +1 ring mail of poison resistance (worn)
 r - a +0 pair of boots (worn)
Jewellery
 h - an amulet of reflection (around neck)
 x - a ring of see invisible (left hand)
Wands
 l - a wand of roots (7)
 B - a wand of polymorph (5)
Scrolls
 b - a scroll of enchant weapon
 g - 2 scrolls of teleportation
 k - 2 scrolls of silence {unknown}
 n - 3 scrolls of vulnerability
 o - 2 scrolls of fog {unknown}
 t - a scroll of blinking {unknown}
 u - a scroll of magic mapping {unknown}
 w - 2 scrolls of enchant armour {unknown}
 y - a scroll of noise {unknown}
Potions
 c - 6 potions of flight {unknown}
 e - 2 potions of curing {unknown}
 i - a potion of brilliance {unknown}
 m - 2 potions of mutation {unknown}
 p - 2 potions of heal wounds {unknown}
 v - 2 potions of haste {unknown}
 z - a potion of berserk rage {unknown}
 A - a potion of magic {unknown}


   Skills:
 - Level 8.0 Fighting
 + Level 11.6 Ranged Weapons
 - Level 2.1 Dodging
 - Level 0.7 Stealth


You had 7 spell levels left.
You didn't know any spells.
Your spell library contained the following spells:

 Spells                   Type           Power      Damage    Failure   Level
 Apportation              Tloc           0%         N/A       67%         1
 Slow                     Hex            0%         N/A       67%         1
 Confusing Touch          Hex            0%         N/A       96%         3
 Vampiric Draining        Necr           0%         2d6       96%         3
 Passage of Golubria      Tloc           0%         N/A       100%        4
 Alistair's Intoxication  Tmut/Pois      0%         N/A       100%        5
 Silence                  Hex/Air        0%         N/A       100%        5
 Lehudib's Crystal Spear  Conj/Erth      0%         10d2      100%        8


Dungeon Overview and Level Annotations

Branches:
Dungeon (7/15)             Temple (1/1) D:6

Altars:
Ashenzari
Dithmenos
Elyvilon
Gozag
Hepliaklqana
Kikubaaqudgha
Makhleb
Nemelex Xobeh
Qazlal
Ru
Sif Muna
Trog
Uskayaw
Vehumet
Wu Jian
Xom
Zin
The Shining One

Shops:
D:6 =


Innate Abilities, Weirdness & Mutations

You have a pair of horns on your head.
You reflexively headbutt those who attack you in melee.


Message History

You kill the scorpion!
There is a stone staircase leading down here.
You climb downwards.
You hear the roar of battle.
There is an entrance to a bailey on this level.
Hurry and find it before the portal closes forever!
The komodo dragon closely misses you. You furiously retaliate!
You headbutt the komodo dragon, but do no damage.
The komodo dragon misses you.
There is a stone staircase leading up here.
You shoot an arrow. The arrow hits the komodo dragon.
The komodo dragon is lightly wounded.
The komodo dragon bites you!!
You shoot an arrow. The arrow hits the komodo dragon!
The komodo dragon is moderately wounded.
The komodo dragon bites you!
You shoot an arrow. The arrow hits the komodo dragon.
The komodo dragon is moderately wounded.
The komodo dragon bites you but does no damage.
You shoot an arrow. The arrow hits the komodo dragon!
The komodo dragon is heavily wounded.
You block the komodo dragon's attack.
You shoot an arrow.
The arrow closely misses the komodo dragon.
The komodo dragon closely misses you. You furiously retaliate!
You headbutt the komodo dragon. You shoot an arrow.
The arrow completely misses the komodo dragon.
The komodo dragon bites you!!
* * * LOW HITPOINT WARNING * * *
You are too injured to fight recklessly!
You are too injured to fight recklessly!
You are too injured to fight recklessly!
Fire: a) +0 shortbow
Press: ? - help, Q - select action, (/) - cycle Shift-Dir - straight line, f/p - komodo dragon
Aim: a komodo dragon (heavily wounded, 76% to hit)
You shoot an arrow.
The arrow hits the komodo dragon but does no damage.
The komodo dragon is heavily wounded.
The komodo dragon bites you!!
You die...

.##.............#................
##..........<..................^[
#...............................>
#...............###......l.......
#..............## ##.....s?......
........)......# ##..##..........
..)....[)......###...###.........
....).)............### ###.......
...............l@..# #......
...............#..## ###...
...........#####..# #..
.......[..##......# .#
#............>....#
##.........######.# ###....##.##
### #####.#...# ..........###


You could see a komodo dragon.

Vanquished Creatures
  Sigmund (D:2)
  A water moccasin (D:7)
  A sky beast (D:6)
  2 black bears (D:6)
  An ogre (D:6)
  A kobold brigand (D:6)
  A gnoll sergeant (D:7)
  4 scorpions
  A wight (D:6)
  3 hounds
  5 jellies
  An orc priest (D:6)
  Terence (D:3)
  Ijyb (D:3)
  2 iguanas
  Natasha (thrice) (D:3)
  7 orc wizards
  4 gnolls (D:7)
  9 adders
  2 shadow imps (D:6)
  2 white imps (D:6)
  3 worms
  3 dart slugs
  18 orcs
  9 ball pythons
  6 endoplasms
  A giant cockroach (D:2)
  9 hobgoblins
  3 jackals (D:1)
  10 kobolds
  3 quokkas
  12 bats
  2 frilled lizards
  11 goblins
  8 rats
151 creatures vanquished.

Vanquished Creatures (others)
  8 demonic plants (D:2)
  4 fungi (D:2)
  2 plants (D:2)
  3 withered plants (D:2)
17 creatures vanquished.

Grand Total: 168 creatures vanquished

Notes
Turn   | Place    | Note
-------+----------+-------------------------------------------
     0 | D:1      | safid the Minotaur Hunter began the quest for the Orb.
     0 | D:1      | Reached XP level 1. HP: 18/18 MP: 0/0
     9 | D:1      | Noticed an electric eel
    57 | D:1      | Reached XP level 2. HP: 24/26 MP: 1/1
   265 | D:1      | Reached skill level 5 in Ranged Weapons
   265 | D:1      | Reached XP level 3. HP: 31/31 MP: 2/2
   923 | D:2      | Reached XP level 4. HP: 40/40 MP: 3/3
   967 | D:2      | Noticed Sigmund
   977 | D:2      | Killed Sigmund
   978 | D:2      | Reached skill level 5 in Fighting
   978 | D:2      | Reached skill level 6 in Ranged Weapons
   978 | D:2      | Reached XP level 5. HP: 39/48 MP: 4/4
  1071 | D:2      | Found a faded altar of an unknown god.
  1812 | D:3      | Noticed Terence
  1817 | D:3      | Reached XP level 6. HP: 56/56 MP: 5/5
  1821 | D:3      | Killed Terence
  1871 | D:3      | Noticed Natasha
  1917 | D:3      | Killed Natasha
  2051 | D:3      | Noticed Natasha
  2056 | D:3      | Killed Natasha
  2081 | D:3      | Noticed Natasha
  2083 | D:3      | Killed Natasha
  2117 | D:3      | Reached skill level 7 in Ranged Weapons
  2157 | D:3      | Noticed Ijyb
  2171 | D:3      | Killed Ijyb
  2711 | D:4      | You fall into a shaft and drop 1 floor!
  2711 | D:5      | Entered Level 5 of the Dungeon
  2857 | D:4      | Found a sacrificial altar of Ru.
  2973 | D:4      | Found a burning altar of Makhleb.
  2980 | D:4      | Reached XP level 7. HP: 63/64 MP: 6/6
  3195 | D:4      | Found a hazy altar of Hepliaklqana.
  3543 | D:5      | Found a stormy altar of Qazlal.
  3575 | D:5      | Found an ornate altar of the Wu Jian Council.
  3893 | D:6      | Reached skill level 8 in Ranged Weapons
  3899 | D:6      | Found a shimmering altar of Xom.
  4018 | D:6      | Reached XP level 8. HP: 54/74 MP: 7/7
  4153 | D:6      | Reached skill level 9 in Ranged Weapons
  4264 | D:5      | Identified a scroll of acquirement
  4267 | D:5      | Acquired the +4 cloak "Xicu" {Drain Dex+6}
  4423 | D:6      | Reached skill level 10 in Ranged Weapons
  4469 | D:6      | Found a staircase to the Ecumenical Temple.
  4568 | Temple   | Entered the Ecumenical Temple
  4647 | D:6      | Found Qiod's Jewellery Boutique.
  4936 | D:7      | Reached skill level 11 in Ranged Weapons
  5043 | D:7      | Noticed a komodo dragon
  5452 | D:7      | Slain by a komodo dragon

Illustrated notes

Levels and vault maps discovered:
D:1:      arrival_aquarium_a, layout_rooms, minmay_misc_feat_secret_circle,
          serial_bayou_lagoon_b
D:2:      layout_loops_corners, shapermc_ecumenical_altar_gd,
          chequers_serial_rivers_micro_e, st_stairs_1, hangedman_decor_lopped,
          minmay_increasing_density, uniq_sigmund
D:3:      layout_rooms, uniq_terence, uniq_natasha, uniq_ijyb
D:4:      layout_loops_cross, kennysheep_little_box,
          worldfamousw_hep_ancestral_shrine, makhleb_heckhound_becter,
          minmay_misc_feat_hallway
D:5:      layout_cave_pools, mainiacjoe_overflow_alcove_1,
          nicolae_wu_jian_immortal_techniques, kennysheep_generic_room_7
D:6:      layout_gridville, nicolae_overflow_hidden_temple,
          minmay_temple_entry_statues_pillars, serial_shops,
          nicolae_shop_behind_doors, grunt_ministairs_2, st_stairs_6,
          dk_vineyard_1, chequers_decorated_corner,
          chequers_serial_rivers_micro_c
D:7:      layout_layer_cave, gammafunk_ghost_split, enter_bailey_5,
          minivault_14, uniq_duvessa
Temple:   hellmonk_temple_two_chambers

Skill      XL: |  1  2  3  4  5  6  7  8 |
---------------+-------------------------+-----
Fighting       | 3 4 5 6 8 |  8.0
Ranged Weapons | 5 6 7 8 11 | 11.6
Dodging        | |  2.1
Stealth        | |  0.7

Action                   |  1- 3 |  4- 6 |  7- 9 || total
-------------------------+-------+-------+-------++-------
 Fire: Shortbow          |   121 |   159 |   265 ||   545
  Use: Scroll            |       |       |     7 ||     7
Armor: Leather armour    |    11 |       |       ||    11
       Ring mail         |    19 |    30 |    52 ||   101
Dodge: Dodged            |    43 |    40 |    60 ||   143
Block: Other             |    13 |    16 |    28 ||    57
       Reflection        |       |       |     1 ||     1
